Map: [ESL] Ancient Cistern

Players

Arrogfire

  • Race: Protoss Protoss
  • Spawn Location: 7:00

Rail - Winner!

  • Race: Protoss Protoss
  • Spawn Location: 1:00

Event: ESL SC2 Masters 2023 Summer (Finals)

VOD

Have the link to the VOD?

Description

Time

  • Played on: June 16, 2023, 6:59 a.m.
  • Length: 10:58

All games in this series

Show
View Real Time Build Order
Export as new Build Order

Arrogfire Protoss 

Build Orders: Phoenix Opening, Blink Stalkers 

Get SALT Encoding   

  12  0:00  Probe  
  13  0:12  Probe  
  14  0:16  Pylon  
  14  0:24  Probe (Chrono Boost)  
  16  0:36  Probe (Chrono Boost), Gateway  
  16  0:41  Probe (Chrono Boost)  
  17  0:45  Assimilator  
  17  0:51  Probe  
  17  0:53  Assimilator  
  18  1:03  Probe (Chrono Boost)  
  19  1:07  Gateway  
  19  1:12  Probe (Chrono Boost)  
  19  1:17  Probe (Chrono Boost)  
  20  1:24  Cybernetics Core  
  21  1:29  Probe  
  22  1:35  Pylon  
  22  1:41  Probe  
  23  1:53  Probe  
  24  2:00  Warp Gate, Stalker, Sentry  
  28  2:07  Pylon  
  28  2:09  Probe  
  29  2:23  Pylon, Sentry  
  31  2:32  Phoenix  
  31  2:35  Sentry  
  33  2:41  Nexus  
  33  2:47  Probe (Chrono Boost)  
  34  2:51  Shield Battery  
  34  2:58  Probe (Chrono Boost)  
  35  3:03  Probe (Chrono Boost)  
  35  3:08  Twilight Council  
  35  3:09  Phoenix  
  35  3:13  Probe  
  35  3:17  Stalker  
  38  3:23  Pylon  
  38  3:25  Probe (Chrono Boost)  
  39  3:39  Blink (Chrono Boost)  
  39  3:40  Probe (Chrono Boost)  
  39  3:47  Phoenix  
  40  3:50  Stalker  
  40  3:54  Probe x2 (Chrono Boost)  
  44  4:04  Gateway  
  44  4:05  Probe (Chrono Boost)  
  44  4:07  Probe (Chrono Boost)  
  44  4:09  Stalker  
  48  4:10  Probe (Chrono Boost)  
  48  4:15  Probe  
  50  4:22  Probe, Phoenix  
  51  4:25  Stalker  
  51  4:27  Probe  
  54  4:33  Stalker  
  54  4:34  Probe  
  57  4:39  Probe  
  57  4:41  Pylon  
  57  4:45  Phoenix  
  58  4:46  Probe  
  58  4:51  Probe, Stalker  
  62  4:59  Probe, Stalker x2  
  67  5:03  Probe, Pylon  
  67  5:05  Assimilator  
  68  5:07  Gateway  
  68  5:14  Stalker  
  70  5:26  Nexus  
  70  5:28  Stalker  
  72  5:33  Stalker  
  74  5:49  Stalker  
  76  5:51  Pylon  
  76  5:53  Stalker  
  76  5:55  Pylon  
  72  6:09  Probe x2  
  74  6:11  Stalker x2  
  74  6:14  Pylon  
  74  6:15  Stalker  
  74  6:18  Robotics Facility  
  80  6:21  Probe x2  
  80  6:22  Shield Battery  
  80  6:24  Pylon  
  80  6:25  Stalker  
  82  6:33  Probe x2  
  82  6:39  Stalker x3  
  90  6:42  Probe  
  90  6:45  Probe x2  
  83  6:54  Probe  
  83  6:59  Stalker  
  83  7:01  Probe x2  
  73  7:09  Immortal (Chrono Boost), Stalker x3  
  73  7:12  Phoenix  
  83  7:16  Pylon  
  83  7:19  Gateway  
  83  7:26  Probe x2  
  83  7:28  Stalker  
  85  7:31  Phoenix  
  85  7:34  Stalker x3  
  89  7:41  Shield Battery  
  89  7:42  Immortal (Chrono Boost)  
  89  7:48  Phoenix  
  89  7:50  Probe x2  
  95  7:52  Pylon  
  95  7:53  Stalker  
  95  7:55  Gateway  
  97  7:58  Stalker  
  99  8:06  Stalker  
  99  8:07  Stalker  
  99  8:08  Probe  
  99  8:09  Probe  
  105  8:15  Stalker  
  105  8:16  Assimilator  
  105  8:17  Pylon  
  105  8:18  Warp Prism  
  109  8:20  Stalker  
  109  8:26  Stalker  
  113  8:33  Shield Battery  
  113  8:34  Stalker, Shield Battery  
  113  8:35  Pylon  
  113  8:39  Stalker  
  117  8:47  Stalker  
  117  8:48  Probe x2  
  121  8:50  Forge  
  121  8:59  Stalker x3  
  121  9:02  Gateway  
  127  9:10  Pylon  
  117  9:27  Stalker x5  
  127  9:32  Gateway  
  127  9:33  Gateway  
  119  9:50  Gateway  
  119  9:52  Stalker x5, Shield Battery  
  125  9:57  Pylon  
  129  10:05  Stalker  
  119  10:15  Stalker x3  
  101  10:23  Probe x2  
  101  10:24  Probe  
  101  10:26  Stalker x2  
  82  10:30  Stalker  
  82  10:33  Stalker  
  56  10:40  Stalker  
  53  10:44  Stalker  
  53  10:47  Zealot x3  
  47  10:51  Stalker  
Show
View Real Time Build Order
Export as new Build Order

Rail Protoss - Winner!

Build Orders: Colossus Rush 

Get SALT Encoding   

  12  0:00  Probe  
  13  0:12  Probe  
  14  0:17  Pylon  
  14  0:24  Probe  
  15  0:36  Probe (Chrono Boost)  
  15  0:37  Gateway  
  15  0:42  Assimilator  
  16  0:47  Probe (Chrono Boost)  
  17  0:52  Probe (Chrono Boost)  
  17  0:55  Assimilator  
  18  1:03  Probe (Chrono Boost)  
  19  1:07  Gateway  
  19  1:13  Probe (Chrono Boost)  
  19  1:18  Probe (Chrono Boost)  
  20  1:24  Cybernetics Core  
  21  1:29  Probe  
  22  1:33  Pylon  
  22  1:41  Probe  
  23  1:53  Probe  
  24  2:00  Stalker x2  
  24  2:01  Warp Gate  
  28  2:06  Probe  
  29  2:24  Pylon  
  29  2:30  Stalker  
  31  2:42  Stalker  
  33  2:45  Robotics Facility  
  33  3:00  Sentry  
  33  3:04  Pylon  
  34  3:08  Nexus  
  34  3:10  Probe  
  35  3:17  Sentry  
  37  3:23  Probe (Chrono Boost)  
  39  3:35  Probe (Chrono Boost)  
  39  3:41  Robotics Bay  
  39  3:44  Probe (Chrono Boost)  
  40  3:49  Probe (Chrono Boost)  
  40  3:55  Immortal  
  45  4:01  Probe (Chrono Boost)  
  46  4:07  Pylon  
  46  4:09  Probe (Chrono Boost)  
  47  4:19  Probe  
  47  4:21  Probe (Chrono Boost)  
  49  4:31  Twilight Council  
  49  4:32  Probe (Chrono Boost)  
  49  4:33  Probe (Chrono Boost), Immortal  
  49  4:35  Immortal  
  55  4:41  Probe (Chrono Boost)  
  55  4:42  Probe (Chrono Boost)  
  57  4:46  Probe (Chrono Boost)  
  57  4:47  Probe  
  57  4:50  Assimilator  
  59  4:58  Probe  
  59  4:59  Probe  
  61  5:04  Blink (Chrono Boost), Stalker x2  
  61  5:07  Pylon  
  61  5:10  Probe, Stalker  
  61  5:11  Probe  
  65  5:16  Assimilator  
  65  5:22  Probe  
  65  5:25  Probe, Pylon  
  67  5:32  Gateway  
  67  5:36  Probe  
  67  5:37  Colossus  
  74  5:49  Probe  
  73  5:52  Stalker  
  73  5:54  Stalker  
  71  6:10  Probe  
  70  6:15  Gateway  
  70  6:16  Gateway  
  70  6:17  Stalker  
  70  6:18  Stalker  
  74  6:23  Pylon x2  
  74  6:27  Stalker  
  74  6:40  Colossus (Chrono Boost)  
  74  6:47  Stalker  
  74  6:50  Stalker x2  
  76  7:06  Probe  
  76  7:07  Probe  
  72  7:09  Stalker  
  72  7:10  Stalker  
  72  7:11  Stalker  
  72  7:14  Pylon, Stalker x2  
  82  7:19  Pylon  
  82  7:25  Immortal (Chrono Boost)  
  86  7:36  Stalker x2  
  90  7:37  Extended Thermal Lance  
  90  7:42  Stalker x2  
  90  7:43  Stalker  
  96  7:45  Pylon  
  96  7:51  Nexus  
  96  7:54  Pylon  
  96  7:59  Stalker, Sentry  
  96  8:04  Pylon  
  100  8:09  Stalker x2  
  104  8:13  Phoenix, Stalker  
  106  8:21  Warp Prism  
  108  8:34  Stalker x3  
  110  8:35  Sentry  
  110  8:40  Adept  
  118  8:44  Pylon  
  118  8:52  Pylon  
  118  8:56  Sentry  
  118  8:57  Stalker  
  118  8:58  Observer  
  118  9:01  Stalker  
  125  9:06  Stalker  
  125  9:28  Adept x2  
  125  9:29  Stalker x2  
  125  9:30  Stalker  
  125  9:48  Probe  
  125  9:49  Stalker x2  
  125  9:52  Stalker x2  
  134  9:54  Immortal  
  134  9:55  Zealot  
  140  10:02  Probe  
  141  10:13  Stalker  
  141  10:14  Probe, Stalker  
  135  10:15  Stalker x3  
  108  10:31  Probe  
  95  10:36  Stalker  
  95  10:37  Stalker  
  95  10:39  Stalker x3  
  103  10:43  Probe  
Tags
 
Add a new tag
Caveats
  • Supply blocks, unpowered buildings, or Contaminate may cause inaccurate times.
  • Supply counts are checked every 10 seconds.